Map: 16-Bit LE

Players

A.I. 1 (Harder) - Winner!

  • Race: Protoss Protoss
  • Spawn Location: 1:00

larsgj

  • Race: Terran Terran
  • Spawn Location: 7:00

VOD

Have the link to the VOD?

Description

Time

  • Played on: Jan. 30, 2020, 11:18 a.m.
  • Length: 26:20
Show
View Real Time Build Order
Export as new Build Order

A.I. 1 (Harder) Protoss - Winner!

Build Orders:  

Get SALT Encoding   

  12  0:00  Probe  
  13  0:13  Probe  
  14  0:20  Pylon  
  14  0:25  Probe  
  15  0:34  Probe  
  15  0:39  Gateway  
  15  0:42  Probe  
  16  0:49  Assimilator  
  17  0:52  Probe  
  18  1:00  Probe, Pylon  
  19  1:21  Probe  
  20  1:26  Zealot  
  20  1:29  Cybernetics Core  
  22  1:43  Gateway  
  22  1:46  Assimilator  
  22  1:48  Zealot  
  24  2:02  Pylon  
  24  2:10  Stalker  
  26  2:28  Warp Gate  
  26  2:30  Stalker  
  28  2:41  Zealot  
  30  2:48  Pylon  
  30  2:58  Stalker  
  30  3:00  Adept  
  34  3:30  Stalker  
  34  3:32  Pylon  
  36  3:35  Stalker  
  38  3:53  Probe  
  38  3:54  Stalker  
  41  4:05  Probe, Adept  
  44  4:14  Pylon  
  44  4:17  Probe  
  45  4:27  Forge  
  45  4:29  Probe  
  46  4:32  Stalker  
  48  4:41  Probe  
  48  4:43  Zealot  
  51  4:53  Probe  
  52  6:12  Sentry  
  52  6:15  Gateway  
  52  6:17  Robotics Facility  
  54  6:19  Twilight Council, Protoss Ground Weapons Level 1  
  54  6:20  Nexus, Photon Cannon  
  54  6:21  Stalker  
  54  6:22  Pylon  
  56  6:29  Stalker  
  58  6:38  Stalker  
  60  6:42  Blink  
  60  6:45  Pylon  
  60  6:51  Sentry  
  62  6:56  Photon Cannon  
  60  7:03  Stalker  
  60  7:05  Observer  
  53  7:11  Adept  
  49  7:20  Zealot  
  49  7:22  Observer  
  51  7:28  Zealot  
  54  7:35  Probe  
  55  7:37  Stalker  
  55  7:38  Probe  
  58  7:47  Probe  
  58  7:50  Probe  
  60  7:56  Stalker  
  62  7:59  Probe  
  62  8:03  Probe  
  62  8:04  Protoss Ground Armor Level 1  
  64  8:06  Adept  
  64  8:11  Probe  
  64  8:12  Pylon  
  67  8:15  Probe  
  68  8:22  Pylon  
  68  8:24  Probe  
  70  8:27  Probe  
  70  8:35  Stargate  
  70  8:36  Probe  
  70  8:39  Probe  
  72  8:47  Photon Cannon  
  72  8:48  Probe  
  73  8:50  Photon Cannon  
  73  8:51  Probe  
  74  9:01  Forge  
  74  9:28  Assimilator  
  74  9:33  Assimilator  
  74  9:50  Probe  
  74  9:51  Probe  
  76  10:03  Probe x2  
  78  10:15  Probe  
  79  10:23  Void Ray  
  79  10:29  Warp Prism  
  79  10:33  Fleet Beacon  
  85  10:37  Robotics Facility  
  85  10:42  Nexus, Stargate  
  85  10:45  Pylon  
  85  10:50  Stalker x2  
  89  11:04  Void Ray  
  89  11:05  Observer  
  88  11:19  Pylon  
  88  11:24  Warp Prism  
  83  11:26  Warp Prism, Void Ray  
  83  11:29  Stargate, Tempest  
  71  11:54  Probe x2  
  71  11:55  Probe  
  71  11:58  Tempest  
  71  12:00  Observer  
  74  12:02  Assimilator  
  74  12:06  Probe  
  74  12:07  Probe  
  74  12:08  Probe  
  82  12:09  Assimilator  
  82  12:11  Protoss Air Weapons Level 1  
  82  12:13  Tempest  
  87  12:18  Probe  
  87  12:20  Probe, Tempest  
  87  12:21  Probe  
  90  12:29  Stargate  
  95  12:30  Probe  
  95  12:31  Probe  
  95  12:34  Probe  
  98  12:38  Robotics Bay  
  98  12:39  Probe  
  98  12:40  Phoenix  
  98  12:42  Probe  
  102  12:46  Probe  
  103  13:05  Pylon  
  103  13:08  Pylon  
  103  13:17  Gravitic Drive  
  103  13:19  Stargate  
  103  13:28  Photon Cannon  
  103  13:30  Photon Cannon  
  103  13:35  Protoss Shields Level 1  
  103  14:05  Templar Archives  
  103  14:11  Dark Shrine, Protoss Air Armor Level 1  
  103  14:14  Gravitic Boosters  
  103  14:27  Zealot  
  103  14:29  Stalker  
  107  14:31  Stalker  
  107  14:32  Gateway  
  109  14:41  Pylon  
  109  14:45  Phoenix  
  111  14:46  Nexus  
  111  14:47  Stalker  
  111  14:51  Protoss Ground Weapons Level 2  
  111  14:52  Adept  
  115  14:54  Zealot  
  117  15:03  Stalker  
  119  15:08  Adept  
  119  15:11  Sentry  
  123  15:20  Phoenix  
  123  15:22  Gateway  
  123  15:23  Zealot  
  123  15:25  Sentry  
  123  15:27  Zealot  
  129  15:30  Protoss Ground Armor Level 2, Stalker  
  131  15:43  Zealot  
  131  15:48  Zealot  
  135  15:50  Stalker  
  135  15:53  Stalker  
  139  16:02  Stalker  
  141  16:05  Protoss Air Weapons Level 2  
  141  16:12  Assimilator  
  141  16:14  Pylon  
  141  16:15  Pylon, Assimilator  
  141  16:38  Photon Cannon  
  141  16:41  Photon Cannon  
  141  17:15  Protoss Shields Level 2  
  141  17:18  High Templar  
  141  17:22  Stalker  
  145  17:26  Psionic Storm, Colossus  
  151  17:31  High Templar  
  153  17:37  Dark Templar, Archon  
  151  17:52  Stalker  
  151  17:56  Stalker, Protoss Ground Weapons Level 3  
  139  18:00  Zealot  
  139  18:03  Observer  
  139  18:05  Stalker  
  120  18:09  Zealot  
  120  18:13  Zealot  
  120  18:19  Sentry  
  124  18:21  Observer  
  124  18:22  Protoss Air Weapons Level 3  
  124  18:23  Stalker  
  127  18:27  Stalker  
  127  18:32  Stalker  
  131  18:36  Stalker  
  131  18:40  Stalker  
  135  18:46  Sentry  
  137  18:50  Adept  
  137  18:55  Zealot  
  141  19:02  Dark Templar  
  143  19:10  Archon  
  143  19:11  Dark Templar  
  145  19:18  Dark Templar  
  147  19:25  Archon  
  147  19:29  Protoss Ground Armor Level 3  
  147  19:40  Nexus  
  147  20:30  Protoss Shields Level 3  
  147  20:49  Disruptor  
  147  20:52  Protoss Air Armor Level 2  
  147  20:53  Stalker  
  148  20:57  Photon Cannon  
  148  21:00  Immortal  
  148  21:04  Adept, Assimilator  
  141  21:06  Pylon  
  141  21:08  Stalker  
  141  21:09  Pylon  
  129  21:11  Sentry  
  129  21:15  Stalker  
  133  21:19  Sentry  
  133  21:22  Pylon, Stalker  
  133  21:23  Assimilator  
  133  21:24  Disruptor  
  144  21:40  Immortal  
  144  21:59  Disruptor  
  147  22:18  Disruptor  
  150  22:49  Protoss Air Armor Level 3  
  150  24:08  Colossus  
  150  24:18  Zealot, Oracle  
  150  24:21  Zealot  
  150  24:24  Stalker  
  159  24:27  Stalker  
  161  24:50  Nexus  
  159  24:52  Stalker  
  159  24:55  Stalker  
  159  24:58  Stalker  
  149  25:01  Zealot  
  149  25:04  Stalker  
  138  25:15  Stalker  
  138  25:18  Sentry  
  138  25:21  Stalker  
  138  25:24  Zealot  
  140  25:29  Observer  
  140  25:31  Zealot  
  140  25:32  Observer  
  140  25:38  Sentry  
  134  25:52  Zealot  
  134  26:10  Sentry  
  134  26:13  Assimilator  
  134  26:14  Zealot  
  134  26:16  Pylon  
  134  26:18  Pylon  
Show
View Real Time Build Order
Export as new Build Order

larsgj Terran 

Build Orders:  

Get SALT Encoding   

  12  0:01  SCV  
  13  0:13  SCV  
  14  0:24  Supply Depot  
  14  0:25  SCV  
  15  0:45  SCV  
  16  0:52  Barracks  
  16  0:58  SCV  
  16  1:01  Supply Depot  
  17  1:10  SCV  
  18  1:22  SCV  
  18  1:24  Supply Depot  
  19  1:34  SCV  
  20  1:40  Barracks  
  20  1:41  Marine  
  20  1:46  SCV  
  22  1:55  Supply Depot  
  22  1:58  SCV  
  22  1:59  Marine  
  24  2:10  SCV  
  25  2:16  Marine  
  25  2:17  Supply Depot  
  25  2:22  SCV  
  27  2:27  Barracks  
  27  2:34  Marine, SCV  
  29  2:40  Refinery  
  29  2:43  Engineering Bay  
  29  2:44  Refinery  
  29  2:46  SCV  
  29  2:48  Marine  
  31  2:52  Marine  
  32  2:59  SCV  
  33  3:06  Marine  
  33  3:10  Marine  
  33  3:11  SCV  
  36  3:23  SCV, Marine  
  38  3:28  Marine  
  38  3:29  Bunker  
  39  3:35  SCV  
  39  3:40  Marine  
  41  3:41  Marine  
  41  3:45  Marine  
  41  3:48  SCV  
  44  3:53  Terran Infantry Weapons Level 1  
  44  3:58  Marine  
  44  3:59  Marine  
  44  4:00  SCV  
  44  4:02  Bunker  
  47  4:09  Factory  
  47  4:26  Marine  
  47  4:27  Marine x2  
  50  4:34  Bunker  
  50  4:43  Marine  
  51  5:03  Armory  
  51  5:04  Orbital Command  
  51  5:06  Bunker  
  51  5:15  Barracks Tech Lab  
  51  5:23  Barracks Tech Lab x2  
  51  5:30  Missile Turret  
  51  5:47  Terran Infantry Armor Level 1  
  51  5:49  Combat Shield  
  51  5:50  Missile Turret  
  51  5:52  Marine  
  52  6:10  Missile Turret  
  52  6:31  Missile Turret  
  52  6:41  Starport  
  52  6:50  Marauder  
  54  6:55  Missile Turret  
  54  7:00  Marauder  
  52  7:30  Missile Turret  
  52  7:37  Starport  
  52  7:41  Hi-Sec Auto Tracking  
  52  7:50  Missile Turret, Starport Tech Lab  
  52  8:10  Missile Turret  
  52  8:16  Fusion Core  
  52  8:31  Command Center  
  52  8:32  Missile Turret  
  52  8:33  Refinery  
  52  8:35  Refinery  
  52  8:38  Terran Infantry Weapons Level 2  
  52  8:45  Terran Ship Weapons Level 1  
  52  8:50  Starport Tech Lab  
  52  8:53  Missile Turret  
  52  9:12  Starport  
  52  9:53  SCV  
  53  10:04  Starport Tech Lab  
  53  10:05  SCV  
  54  10:12  Battlecruiser  
  60  10:17  SCV  
  61  10:29  SCV  
  62  10:39  Marauder x2, Terran Vehicle And Ship Armor Level 1  
  62  10:40  Marauder  
  62  10:41  SCV  
  69  10:54  Neosteel Armor  
  69  10:56  Orbital Command  
  69  11:00  Marauder  
  69  11:01  Marauder  
  69  11:02  Marauder  
  71  11:21  Marine x2  
  71  11:23  Marine  
  64  11:39  Marine x2  
  63  11:40  Marine  
  64  12:07  Battlecruiser x2  
  76  12:09  Battlecruiser  
  82  12:30  Weapon Refit  
  82  12:33  Terran Ship Weapons Level 2  
  82  12:34  Terran Infantry Armor Level 2  
  86  12:44  Marauder x2  
  86  12:53  Marauder  
  88  13:05  Supply Depot  
  88  13:20  Battlecruiser  
  94  13:29  Supply Depot  
  94  13:32  Medivac x2  
  98  13:52  Supply Depot  
  98  13:56  Command Center  
  98  14:02  Battlecruiser, Medivac  
  106  14:15  Supply Depot  
  106  14:37  Supply Depot  
  106  14:39  Refinery  
  106  14:44  Refinery  
  106  14:49  Terran Vehicle And Ship Armor Level 2  
  106  14:54  Bunker  
  106  15:00  Supply Depot  
  106  15:03  Missile Turret  
  106  15:23  Missile Turret  
  106  15:26  Bunker  
  106  15:36  Marine, Marauder x2  
  111  15:45  Missile Turret  
  111  15:52  Battlecruiser  
  111  15:54  Marine  
  118  15:57  Marine x2  
  118  16:04  SCV  
  121  16:05  Missile Turret  
  121  16:12  Marine  
  121  16:15  Marine  
  121  16:16  SCV  
  124  16:28  SCV  
  125  16:40  SCV  
  126  17:02  Orbital Command  
  126  17:39  Battlecruiser x2, Viking  
  105  18:09  Battlecruiser  
  111  18:32  Terran Ship Weapons Level 3  
  111  18:43  Battlecruiser x2  
  123  19:13  Battlecruiser  
  123  19:16  SCV  
  130  19:28  SCV  
  131  19:40  SCV  
  132  19:47  Battlecruiser x2  
  132  19:52  SCV  
  145  20:04  SCV  
  146  20:17  Battlecruiser  
  146  21:09  Terran Vehicle And Ship Armor Level 3  
  116  21:31  Marine  
  116  21:32  Marine x2  
  113  21:43  Medivac x3  
  113  21:48  Terran Infantry Weapons Level 3  
  113  21:49  Marine  
  113  21:50  Marine x2  
  116  22:07  Marine x3  
  119  22:13  Medivac x3  
  125  22:22  Barracks  
  125  22:25  Marine x3  
  128  22:42  Marine  
  128  22:43  Marine x2, Medivac x3  
  137  23:00  Marine  
  137  23:01  Marine x2  
  140  23:11  Barracks  
  140  23:13  Medivac x3  
  140  23:18  Marine  
  140  23:19  Marine x2  
  149  23:24  Barracks Reactor  
  149  23:36  Marine x2  
  149  23:37  Marine  
  152  23:54  Marine x3  
  155  24:00  Barracks Reactor  
  155  24:03  Marine x2  
  157  24:12  Marine x3  
  160  24:21  Marine x2  
  162  24:29  Marine  
  162  24:30  Marine x2  
  165  24:37  Marine x2  
  167  24:39  Marine x2  
  169  24:47  Marine  
  169  24:48  Marine x2  
  172  24:54  Marine  
  172  24:55  Marine  
  172  24:57  Marine x2  
  167  25:05  Marine  
  167  25:06  Marine x2  
  153  25:12  Marine  
  153  25:13  Marine  
  143  25:14  Marine  
  143  25:15  Marine  
  136  25:23  Marine x3  
  131  25:30  Marine  
  131  25:31  Marine  
  131  25:32  Marine x2  
  125  25:41  Marine x3  
  124  25:48  Marine x2  
  118  25:50  Marine x2  
  114  25:58  Marine  
  114  25:59  Marine x2  
Tags
 
Matchup
PvT
Replay Pack
Multiplayer
Spawn Locations
Cross Positions
Add a new tag
Caveats
  • Supply blocks, unpowered buildings, or Contaminate may cause inaccurate times.
  • Supply counts are checked every 10 seconds.